 Dungeon Crawl Stone Soup version 0.21.1-1-g345015f (webtiles) character file.

47 Mgcat the Skirmisher (level 3, -1/31 HPs)
             Began as a Barachi Fighter on Mar 11, 2018.
             Succumbed to an adder's poison
             ... on level 2 of the Dungeon.
             The game lasted 00:01:58 (820 turns).

Mgcat the Skirmisher (Barachi Fighter)               Turns: 820, Time: 00:01:59

Health: -1/31      AC:  8    Str: 21 (23) XL:     3   Next: 70%
Magic:  3/3        EV:  7    Int: 10 (13) God:
Gold:   79         SH:  9    Dex: 10 (11) Spells: 2/2 levels left

rFire    + . .     SeeInvis .   a - +0 war axe
rCold    x . .     Gourm    .   c - +0 shield
rNeg     . . .     Faith    .   b - +0 scale mail
rPois    .         Spirit   .   (no helmet)
rElec    .         Reflect  .   (no cloak)
rCorr    .         Harm     .   (no gloves)
MR       .....                  l - +0 pair of boots
Stlth    ..........             (no amulet)
HPRegen  0.10/turn              g - ring of fire {rF+, rC-}
MPRegen  0.08/turn              (no ring)

@: mighty, brilliant, lethally poisoned (-1 -> -14), slow
A: +LOS, swims, slowness 1, strong legs 1
a: Hop


You were on level 2 of the Dungeon.
You were not hungry.

You visited 1 branch of the dungeon, and saw 2 of its levels.

You collected 79 gold pieces.

Inventory:

Hand Weapons
 a - a +0 war axe (weapon)
Armour
 b - a +0 scale mail (worn)
 c - a +0 shield (worn)
 l - a +0 pair of boots (worn)
   (You found it on level 1 of the Dungeon)
Jewellery
 g - a ring of fire (left hand) {rF+, rC-}
   (You found it on level 2 of the Dungeon)
Scrolls
 e - a scroll of enchant armour {unknown}
 h - a scroll of remove curse {unknown}
 i - a scroll of teleportation {unknown}
 k - a scroll of amnesia {unknown}
Comestibles
 f - 2 rations


   Skills:
 + Level 4.7 Fighting
 + Level 3.4 Axes
 - Level 3.6 Armour
 - Level 3.2 Shields


You had 2 spell levels left.
You didn't know any spells.

Dungeon Overview and Level Annotations

Branches:
Dungeon (2/15)

Altars:


Innate Abilities, Weirdness & Mutations

Shadows flee at your approach. (+LOS)
You can swim through water.
You cover ground slowly.
You can hop short distances.


Message History

A kobold is nearby!
You barely miss the kobold. You block the kobold's attack.
You closely miss the kobold.
The kobold drinks a potion.
The kobold flickers and vanishes!
Deactivating autopickup; reactivate with Ctrl-A.
No target in view!
No target in view!
No target in view!
There is a strange disturbance nearby!
You miss something. Something completely misses you.
Something hits you but does no damage.
You miss something. Something hits you.
You barely miss something.
Something hits you but does no damage. x2
You closely miss something. You block something's attack.
You miss something. You block something's attack.
Something hits you but does no damage.
You hit something.
Reactivating autopickup.
You feel a bit more experienced.
You now have 79 gold pieces (gained 6).
Things that are here:
a whip; a kobold corpse
Found a stone staircase leading down.
A bat comes into view.
The bat hits you but does no damage.
You see here a tourmaline ring.
You barely miss the bat. You block the bat's attack.
The bat hits you but does no damage. The bat hits you.
You block the bat's attack.
A frilled lizard comes into view.
The frilled lizard hisses angrily.
You hit the bat.
You kill the bat!
You closely miss the frilled lizard. You block the frilled lizard's attack.
You closely miss the frilled lizard. You block the frilled lizard's attack.
You closely miss the frilled lizard.
The frilled lizard bites you but does no damage.
You block the frilled lizard's attack.
You miss the frilled lizard. You block the frilled lizard's attack.
You miss the frilled lizard.
The frilled lizard bites you but does no damage.
You barely miss the frilled lizard. You block the frilled lizard's attack.
The frilled lizard closely misses you.
You miss the frilled lizard. You block the frilled lizard's attack.
You slash the frilled lizard!
You kill the frilled lizard!
g - a tourmaline ring Put on which piece of jewellery? (? for menu, Esc to quit)
You feel more attuned to fire.
g - a ring of fire (left hand)
An adder comes into view.
The adder hisses angrily.
A rat comes into view.
The adder bites you but does no damage.
Your shield and scale mail prevent you from hitting the adder.
The adder bites you.
You are poisoned.
The adder poisons you! The adder bites you.
You are more poisoned.
The adder poisons you!
You miss the adder.
You feel sick. The adder bites you but does no damage. The adder bites you.
You barely miss the adder. The adder bites you.
You are more poisoned.
The adder poisons you! You block the adder's attack.
Your shield prevents you from hitting the adder.
You feel sick. The adder bites you.
You are lethally poisoned!
The adder poisons you! You block the adder's attack.
You closely miss the adder.
You feel sick. You block the adder's attack. The adder bites you.
* * * LOW HITPOINT WARNING * * *
You are more poisoned.
The adder poisons you!
You miss the adder.
* * * LOW HITPOINT WARNING * * *
You feel sick. The adder bites you but does no damage.
You miss the adder.
* * * LOW HITPOINT WARNING * * *
You feel sick. You block the adder's attack. The adder closely misses you.
It was a potion of brilliance.
You feel clever all of a sudden.
* * * LOW HITPOINT WARNING * * *
You feel sick. The adder barely misses you.
It was a potion of degeneration.
There was something very wrong with that liquid.
You feel weakened.
You feel dopey.
You feel clumsy.
* * * LOW HITPOINT WARNING * * *
You feel sick. The adder barely misses you. You block the adder's attack.
You feel very mighty all of a sudden.
* * * LOW HITPOINT WARNING * * *
You feel sick. The adder barely misses you.
You slash the adder!
You kill the adder!
* * * LOW HITPOINT WARNING * * *
You feel sick.
Put on which piece of jewellery? (? for menu, Esc to quit)
Okay, then.
Unknown command.
You die...

.# #.# #.## ...# #.
#.# #..# #.# #.# #..#
#.#.# #.# #..# #.#.#
#.# ######..####.#r
#.#.# #.#
#..@........... #.#.#
#.# #.####...(.....
#.#.# #.# #.#
#########"
#.#.###.###.########
#...................
###.#)#.#####.########
#.....#.# #.#
#.#.###.# #.#
#.##..>## #.#


There were no monsters in sight!

Vanquished Creatures
  2 adders (D:2)
  A leopard gecko (D:1)
  2 bats
  4 goblins
  2 hobgoblins (D:1)
  6 jackals (D:1)
  4 kobolds
  2 frilled lizards
  4 rats (D:1)
27 creatures vanquished.

Notes
Turn   | Place    | Note
-------+----------+-------------------------------------------
     0 | D:1      | Mgcat the Barachi Fighter began the quest for the Orb.
     0 | D:1      | Reached XP level 1. HP: 18/18 MP: 1/1
    67 | D:1      | Reached XP level 2. HP: 20/25 MP: 2/2
   107 | D:1      | Reached skill level 4 in Fighting
   453 | D:1      | Reached skill level 3 in Axes
   500 | D:1      | Reached XP level 3. HP: 31/31 MP: 3/3
   814 | D:2      | HP: 7/31 [poisoned by an adder]
   817 | D:2      | HP: 3/31 [poisoned by an adder]
   819 | D:2      | HP: 1/31 [poisoned by an adder]
   820 | D:2      | Succumbed to an adder's poison

Skill      XL: |  1  2 |
---------------+-------+-----
Fighting       | 4 |  4.7
Axes           | 3 |  3.4
Armour         | |  3.6
Shields        | |  3.2

Action                   || total
-------------------------++-------
Melee: War axe           ||   103
  Use: Potion            ||     3
Armor: Scale mail        ||    37
Dodge: Dodged            ||    31
Block: Shield            ||    51

Vault maps used:
D:1:      eino_arrival_water_cross
D:2:      kennysheep_okawaru_gauntlet, chequers_ecumenical_altar_simple

Table legend:
 A = Turns spent in this place as a percentage of turns spent in the entire game.
 B = Non-inter-level travel turns spent in this place as a percentage of non-inter-level travel turns spent in the entire game.
 C = Inter-level travel turns spent in this place as a percentage of turns spent in this place.
 D = Turns resting spent in this place as a percentage of non-inter-level travel turns spent in this place.
 E = Turns spent auto-exploring this place as a percentage of non-inter-level travel turns spent in this place.
 F = Non-inter-level travel turns spent in this place divided by the number of levels of this place that you've seen.
                   A       B       C       D       E      F
               +-------+-------+-------+-------+-------+----------------------
         Total | 100.0 | 100.0 |   2.6 |   0.0 |  73.2 | 399.5
       Dungeon | 100.0 | 100.0 |   2.6 |   0.0 |  73.2 | 399.5
               +-------+-------+-------+-------+-------+----------------------

Table legend:
 A = Kills in this place as a percentage of kills in entire the game.
 B = Kills by you in this place as a percentage of kills by you in the entire game.
 C = Kills by friends in this place as a percentage of kills by friends in the entire game.
 D = Other kills in this place as a percentage of other kills in the entire game.
 E = Experience gained in this place as a percentage of experience gained in the entire game.
 F = Experience gained in this place divided by the number of levels of this place that you have seen.
                   A       B       C       D       E      F
               +-------+-------+-------+-------+-------+----------------------
         Total | 100.0 | 100.0 |   N/A |   N/A | 100.0 |  34.0
       Dungeon | 100.0 | 100.0 |   N/A |   N/A | 100.0 |  34.0
               +-------+-------+-------+-------+-------+----------------------
